AoeStats
← _vishi_

Nomad

504540876Analyzed
3v3 RM · 27d ago on Sep 5, 2026· 48m 38s· 6 players
Game mode
Random Map
Map size
210×210
Population
200
Speed
Normal
Resources
Standard
Victory
Conquest
Starting age
Dark Age
Ending age
Imperial Age
RankedLock teamsTeams togetherTeam positionsShared explorationLock speedFull tech treeHidden civsTurbo modeCheats
Victory
Defeat
🇳🇱 Romans · Netherlands
1351
+19
🇳🇱 Bohemians · Netherlands
1339
+19
🇳🇱 Spanish · Netherlands
1335
+19
🇺🇸 Sicilians · United States
1425
-20
🇮🇳 Wu · India
1418
-19
🇧🇷 Burmese · Brazil
1390
-18
_vishi_
4:31 Loom
13:19 Feudal Age
19:27 Castle Age
17:21 Double-Bit Axe
20:02 Wheelbarrow
24:12 Scale Barding Armor
24:18 Forging
30:39 Medium Warships
32:00 Bloodlines
34:54 Chain Barding Armor
36:00 Horse Collar
40:38 Imperial Age
38:47 Husbandry
39:01 Gold Mining
39:42 Hand Cart
39:29 Fishing Lines
41:08 Heavy Hei Guang Cavalry
44:00 Iron Casting
44:46 Gillnets
BoogStasher3000
4:36 Loom
13:39 Feudal Age
14:32 Double-Bit Axe
19:58 Castle Age
18:21 Fishing Lines
19:10 Forging
19:22 Gold Mining
20:32 Scale Mail Armor
21:47 Wheelbarrow
24:13 Bloodlines
24:04 Husbandry
24:14 Scale Barding Armor
24:44 Iron Casting
Karzul
11:04 Loom
12:49 Feudal Age
13:21 Man-at-Arms
19:00 Castle Age
18:44 Arson
19:00 Fletching
19:55 Scale Mail Armor
20:28 Pikeman
20:32 Long Swordsman
22:38 Horse Collar
22:40 Fishing Lines
24:16 Wheelbarrow
23:26 Crossbowman
24:26 Chain Mail Armor
30:13 Padded Archer Armor
30:09 Bodkin Arrow
32:26 Heavy Plow
35:27 Hand Cart
34:58 Town Watch
39:47 Imperial Age
38:37 Elite Skirmisher
40:32 Bracer
40:54 Ballistics
41:34 Chemistry
44:13 Gold Mining
44:15 Stone Mining
44:56 Crop Rotation
44:42 Bloodlines
44:32 Husbandry
44:14 Light Cavalry
45:01 Scale Barding Armor
45:07 Forging
45:40 Masonry
46:02 Conscription
46:10 Hussar
47:11 Chain Barding Armor
47:27 Iron Casting
47:23 Cavalier
49:09 Plate Barding Armor
[NAK]_Harry Carry
2:41 Loom
13:54 Feudal Age
18:31 Castle Age
20:49 Scale Barding Armor
24:12 Fishing Lines
26:13 Fletching
35:47 Wheelbarrow
36:16 Horse Collar
36:51 Double-Bit Axe
42:13 Imperial Age
40:28 Bodkin Arrow
40:56 Ballistics
40:51 Stone Mining
40:59 Gold Mining
44:11 Chain Barding Armor
45:02 Ballistas
45:44 Hand Cart
48:02 Chemistry
48:07 Conscription
48:31 Town Watch
[NAK]_Spetter
3:40 Loom
13:00 Feudal Age
17:30 Castle Age
15:33 Double-Bit Axe
16:16 Horse Collar
16:31 Fletching
19:11 Wheelbarrow
19:44 Bow Saw
25:02 Town Watch
28:18 Pikeman
32:50 Forging
32:41 Scale Mail Armor
38:23 Imperial Age
37:25 Squires
37:11 Arson
38:04 Iron Casting
41:01 Chemistry
44:56 Blast Furnace
44:12 Chain Mail Armor
44:32 Bodkin Arrow
47:31 Medium Warships
[NAK]_Rucommander
4:51 Loom
13:50 Feudal Age
17:39 Castle Age
16:07 Double-Bit Axe
16:13 Gold Mining
16:14 Fletching
16:27 Padded Archer Armor
17:36 Town Watch
18:38 Leather Archer Armor
18:36 Bow Saw
20:03 Wheelbarrow
30:17 Horse Collar
33:31 Bloodlines
39:44 Imperial Age
40:06 Scale Barding Armor
40:21 Forging
39:48 Cavalier
42:54 Fletching
44:12 Chain Barding Armor
44:28 Iron Casting
45:34 Plate Barding Armor
45:22 Paladin
50:11 Blast Furnace
Connection lost

Rejoining the realm…

Still unreachable

The connection could not be restored.

Session expired

The server has moved on; the page needs a fresh start.